 Dungeon Crawl Stone Soup version 0.27.1-34-g3ba077fa99 (webtiles) character file.

Game seed: 15849392608857532536

54 alasdair19 the Shield-Bearer (level 3, -1/33 HPs)
             Began as a Minotaur Fighter on Jan 12, 2022.
             Succumbed to Sigmund's poison
             ... on level 2 of the Dungeon.
             The game lasted 00:01:42 (1850 turns).

alasdair19 the Shield-Bearer (Minotaur Fighter)     Turns: 1850, Time: 00:01:43

Health: -1/33      AC:  7    Str: 20    XL:     3   Next: 66%
Magic:  2/2        EV:  7    Int:  6    God:
Gold:   116        SH:  9    Dex:  9    Spells: 2/2 levels left

rFire    . . .     SeeInvis .   a - +0 long sword
rCold    . . .     Faith    .   c - +0 kite shield
rNeg     . . .     Spirit   .   b - +0 scale mail
rPois    .         Reflect  .   (helmet restricted)
rElec    .         Harm     .   (no cloak)
rCorr    .         Rampage  .   (no gloves)
Will     .....                  (no boots)
Stlth    ..........             (no amulet)
HPRegen  0.11/turn              (no ring)
MPRegen  0.08/turn              (no ring)

@: mighty, lethally poisoned (-1 -> -7)
A: horns 2, retaliatory headbutt
a: no special abilities


You were on level 2 of the Dungeon.
You visited 1 branch of the dungeon, and saw 2 of its levels.

You collected 116 gold pieces.

Inventory:

Hand Weapons
 a - a +0 long sword (weapon)
Missiles
 i - 23 sling bullets
 j - 4 curare-tipped darts (quivered)
Armour
 b - a +0 scale mail (worn)
 c - a +0 kite shield (worn)
Scrolls
 e - 2 scrolls of magic mapping {unknown}
 f - 2 scrolls of teleportation {unknown}
 g - a scroll of noise {unknown}
 k - a scroll of identify {unknown}
Potions
 h - 3 potions of brilliance {unknown}
 l - 2 potions of curing {unknown}


   Skills:
 + Level 4.2 Fighting
 + Level 3.1 Long Blades
 + Level 4.1 Armour
 + Level 0.2 Dodging
 + Level 4.3 Shields


You had 2 spell levels left.
You didn't know any spells.
Your spell library contained the following spells:

 Spells                   Type           Power      Damage    Failure   Level
 Animate Armour           Summ/Erth      0%         N/A       100%        4
 Animate Dead             Necr           0%         N/A       100%        4
 Blade Hands              Tmut           0%         N/A       100%        5
 Borgnjor's Vile Clutch   Necr/Erth      0%         N/A       100%        5
 Death Channel            Necr           0%         N/A       100%        6
 Iron Shot                Conj/Erth      0%         9d1       100%        6


Dungeon Overview and Level Annotations

Branches:
Dungeon (2/15)

Altars:
Xom

Annotations:
D:2 1 runed translucent door, Crazy Yiuf


Innate Abilities, Weirdness & Mutations

You have a pair of horns on your head.
You reflexively headbutt those who attack you in melee.


Message History

l - 2 metallic amethyst potions You now have 116 gold pieces (gained 29).
Things that are here:
a +0 short sword; 21 stones Sigmund the Dreaded comes into view.
He is wielding a +0 scythe of venom.
Sigmund shouts!
Sigmund drinks a potion.
Sigmund seems to speed up.
You feel very mighty all of a sudden. Sigmund hits you but does no damage.
You are poisoned.
You feel sick.
Sigmund hits you with a +0 scythe of venom.
You are more poisoned.
You barely miss Sigmund.
You feel very sick.
Sigmund hits you with a +0 scythe of venom!
You block Sigmund's attack.
You slash Sigmund! You headbutt Sigmund!
Sigmund is heavily wounded.
You feel very sick. Sigmund hits you but does no damage.
You are lethally poisoned!
You closely miss Sigmund.
Sigmund is heavily wounded.
* * * LOW HITPOINT WARNING * * *
You feel very sick. You block Sigmund's attack. x2
You closely miss Sigmund.
Sigmund is heavily wounded.
* * * LOW HITPOINT WARNING * * *
You feel very sick. Sigmund closely misses you.
You riposte.
You closely miss Sigmund.
Sigmund is heavily wounded.
You hit Sigmund.
Sigmund is severely wounded.
* * * LOW HITPOINT WARNING * * *
You feel sick. You block Sigmund's attack. x2
You closely miss Sigmund. You headbutt Sigmund!
You kill Sigmund!
You die...

###.### #..... #.##
#######.# #..# ..# #†#
##.# #.# ##'# #.# #.#
##... ### ###
#.###.... #
##.###.##..... ♣♣♣
#..######...##.#......
♣.♣♣♣ ###
#...)@.........'......
.♣..♣#...#
##.######...##.#......
♣♣♣♣.+...#
##.###.##..... ♣
♣♣#..)# #####.###....
### ##...###...
##.###.###'# ####.##
##.##.# # ###
####....# #.##.# ##
#.# #.......## #)##.#


There were no monsters in sight!

Vanquished Creatures
  Sigmund (D:2)
  3 adders (D:2)
  2 dart slugs (D:1)
  A bat (D:2)
  A giant cockroach (D:2)
  2 hobgoblins (D:2)
  4 quokkas
  A ball python (D:1)
  2 frilled lizards (D:1)
  A goblin (D:1)
  3 kobolds
  6 rats (D:1)
27 creatures vanquished.

Notes
Turn   | Place    | Note
-------+----------+-------------------------------------------
     0 | D:1      | alasdair19 the Minotaur Fighter began the quest for the
                  | Orb.
     0 | D:1      | Reached XP level 1. HP: 19/19 MP: 0/0
   230 | D:1      | Reached XP level 2. HP: 27/27 MP: 1/1
   383 | D:1      | Found a faded altar of an unknown god.
   620 | D:2      | Found a shimmering altar of Xom.
  1039 | D:2      | Reached XP level 3. HP: 33/33 MP: 2/2
  1434 | D:2      | Found a runed translucent door.
  1435 | D:2      | Noticed Crazy Yiuf
  1840 | D:2      | Noticed Sigmund
  1849 | D:2      | HP: 1/33 [poisoned by Sigmund]
  1850 | D:2      | Killed Sigmund
  1850 | D:2      | Succumbed to Sigmund's poison

Illustrated notes

Levels and vault maps discovered:
D:1:      eino_arrival_cavern_c, layout_basic,
          dreamdust_ecumenical_altar_hidden_monk_grotto
D:2:      layout_loops_corners, basic_altar, uniq_crazy_yiuf_cottage,
          uniq_sigmund

Skill      XL: |  1  2  3 |
---------------+----------+-----
Fighting       | 4 |  4.2
Shields        | 4 |  4.3
Long Blades    | 3 |  3.1
Armour         | 4 |  4.1
Dodging        | |  0.2

Action                   || total
-------------------------++-------
Melee: Long sword        ||    77
       Headbutt          ||     8
  Use: Potion            ||     1
Armor: Scale mail        ||    32
Dodge: Dodged            ||    21
Block: Kite shield       ||    51
       Rpst.: Long sword ||     9
